Map: Lerilak Crest

Players

LilDicky

  • Race: Terran Terran
  • League: Diamond

Sidereal - Winner!

  • Race: Zerg Zerg
  • League: Diamond

VOD

http://www.twitch.tv/tumescentpie

Description

Time

  • Played on: Nov. 26, 2015, 2:47 p.m.
  • Length: 18:20
Show
View Real Time Build Order
Export as new Build Order

LilDicky Terran 

Build Orders: Command Center First (CC), Liberator Opening, Mech 

Get SALT Encoding   

  12  0:01  SCV  
  13  0:13  SCV  
  14  0:20  Supply Depot  
  14  0:25  SCV  
  15  0:41  SCV  
  16  0:57  Command Center  
  16  1:00  SCV  
  17  1:11  Barracks  
  17  1:14  SCV  
  18  1:27  Refinery  
  18  1:28  Refinery  
  18  1:29  SCV  
  19  1:41  SCV  
  20  1:53  SCV  
  21  1:58  Marine  
  21  1:59  Supply Depot  
  22  2:05  Orbital Command  
  22  2:12  Orbital Command  
  22  2:16  Marine  
  23  2:28  Factory  
  23  2:34  Marine  
  24  2:37  SCV  
  24  2:38  SCV  
  26  2:46  Bunker  
  26  2:49  SCV  
  27  2:59  SCV  
  27  3:02  SCV  
  29  3:06  Marine  
  29  3:12  Starport  
  30  3:14  Factory Tech Lab, SCV  
  30  3:18  Supply Depot  
  32  3:20  SCV  
  32  3:24  Marine  
  32  3:25  Supply Depot  
  32  3:26  SCV  
  34  3:32  SCV  
  34  3:33  Siege Tank  
  38  3:37  Liberator  
  38  3:46  Supply Depot  
  38  3:47  SCV  
  42  3:59  SCV  
  43  4:04  SCV  
  43  4:08  Command Center  
  44  4:17  SCV  
  44  4:18  SCV  
  44  4:19  Siege Tank  
  44  4:20  Liberator  
  49  4:25  Refinery  
  49  4:27  Refinery  
  49  4:29  SCV  
  49  4:30  SCV  
  51  4:33  Marine  
  55  4:42  SCV  
  56  4:54  SCV  
  56  4:59  Siege Tank, Marine  
  60  5:00  SCV  
  60  5:05  Engineering Bay  
  60  5:06  SCV  
  63  5:12  SCV  
  63  5:17  Marine  
  64  5:24  Command Center, SCV  
  65  5:29  SCV  
  65  5:35  Marine  
  66  5:36  SCV  
  66  5:37  Refinery  
  66  5:38  Planetary Fortress  
  66  5:42  SCV  
  69  5:55  SCV x2  
  69  5:56  Marine  
  72  6:07  SCV x2  
  72  6:08  Missile Turret  
  74  6:11  Missile Turret  
  74  6:15  Missile Turret  
  74  6:19  SCV x2  
  74  6:21  Starport Reactor  
  76  6:27  SCV  
  76  6:31  SCV x2  
  79  6:33  Siege Tank, Starport x2  
  79  6:39  SCV  
  83  6:40  Factory, Orbital Command  
  83  6:42  Factory  
  83  6:43  Armory  
  83  6:50  Armory  
  83  6:51  Missile Turret, Liberator x2  
  83  6:52  SCV  
  83  6:53  SCV x2  
  86  6:56  Missile Turret x2  
  86  7:00  Missile Turret  
  86  7:04  SCV  
  86  7:05  SCV x2  
  89  7:10  SCV  
  96  7:17  SCV x2  
  96  7:20  SCV  
  96  7:22  Command Center, SCV  
  100  7:24  Refinery  
  100  7:25  Factory Reactor  
  100  7:26  Factory Reactor  
  100  7:31  Supply Depot  
  100  7:32  Supply Depot  
  100  7:37  Missile Turret  
  100  7:45  Liberator x2  
  100  7:47  Missile Turret  
  100  7:51  Supply Depot  
  100  7:52  Supply Depot  
  100  7:53  SCV, Siege Tank, Supply Depot x2  
  100  7:58  SCV x3  
  107  8:00  Starport Tech Lab x2  
  107  8:05  SCV  
  114  8:13  SCV x2, Armory  
  114  8:14  SCV  
  114  8:15  Supply Depot  
  114  8:16  Supply Depot  
  114  8:17  SCV  
  118  8:21  Command Center  
  118  8:22  Cloaking Field  
  118  8:24  Banshee  
  118  8:25  SCV x2  
  118  8:26  SCV  
  124  8:43  Command Center  
  124  8:47  SCV x2, Missile Turret x3  
  124  8:48  Missile Turret  
  126  8:51  Hellion  
  126  8:54  Hellion x3  
  134  9:07  Missile Turret  
  134  9:09  Missile Turret x3  
  86  9:42  Hellion  
  86  9:43  Hellion x4  
  88  9:50  SCV x2  
  88  9:51  Planetary Fortress  
  90  9:54  SCV  
  90  9:55  SCV, Missile Turret  
  92  10:02  Banshee  
  92  10:03  Banshee, Liberator x2  
  92  10:04  Hellion x5  
  105  10:13  SCV x3  
  108  10:15  SCV  
  115  10:25  SCV x2, Hellion x2  
  115  10:26  SCV, Hellion  
  115  10:27  SCV, Planetary Fortress  
  125  10:37  Infernal Pre-Igniter  
  125  10:40  Terran Vehicle And Ship Armor Level 1, Terran Ship Weapons Level 1, Terran Vehicle Weapons Level 1  
  125  10:45  Banshee  
  125  10:46  Banshee, Liberator x2  
  137  11:06  Factory  
  137  11:08  Planetary Fortress  
  137  11:11  Liberator x2  
  137  11:14  Factory  
  137  11:16  Factory  
  137  11:22  Refinery, Missile Turret x2  
  137  11:24  Thor  
  137  11:25  Missile Turret, Widow Mine x3  
  143  11:26  Missile Turret  
  143  11:28  Refinery  
  155  11:44  Liberator x2  
  155  11:53  Liberator  
  155  11:57  Missile Turret  
  155  11:59  Missile Turret  
  155  12:00  Missile Turret  
  155  12:07  Thor  
  167  12:10  Missile Turret x2  
  167  12:12  Missile Turret  
  167  12:14  Missile Turret  
  158  12:47  Banshee  
  158  12:49  Factory Tech Lab x2  
  158  12:50  Factory Tech Lab  
  145  12:52  Thor  
  145  12:53  Banshee  
  145  12:54  Hellion x2  
  145  12:55  Hellion x2  
  152  12:59  Missile Turret  
  152  13:00  Supply Depot  
  152  13:02  Missile Turret  
  152  13:13  Missile Turret  
  152  13:16  Hellion  
  152  13:19  Widow Mine x2  
  160  13:20  Hellion x2  
  160  13:26  Hellion x2, Missile Turret  
  166  13:29  SCV x2  
  166  13:30  Banshee  
  171  13:35  Thor  
  171  13:37  Hellion  
  171  13:38  Missile Turret  
  179  13:41  Missile Turret  
  179  14:09  Hellion  
  181  14:10  Thor x3  
  149  14:46  Banshee x2  
  149  14:50  Hellion x4, Siege Tank  
  163  14:53  Thor x2  
  168  15:17  Hellion x2  
  168  15:18  Hellion x3  
  175  15:28  Banshee x2  
  132  16:00  Thor x3  
  132  16:01  Hellion  
  143  16:11  Banshee  
  143  16:15  Hellion  
  145  16:29  Liberator x2  
  132  16:51  Liberator x2  
Show
View Real Time Build Order
Export as new Build Order

Sidereal Zerg - Winner!

Build Orders: Hatch First, Muta Ling Bane 

Get SALT Encoding   

  12  0:00  Drone  
  13  0:13  Overlord  
  13  0:17  Drone  
  14  0:31  Drone x2  
  14  0:35  Drone  
  17  0:45  Drone  
  18  0:59  Hatchery  
  17  1:05  Drone  
  18  1:15  Spawning Pool  
  18  1:16  Drone  
  18  1:19  Extractor  
  18  1:24  Drone  
  18  1:32  Drone  
  19  1:39  Overlord  
  19  2:02  Queen  
  19  2:03  Zergling x4  
  23  2:10  Queen  
  23  2:11  Drone  
  23  2:14  Zergling x2  
  27  2:21  Drone  
  28  2:23  Metabolic Boost  
  28  2:26  Drone  
  29  2:33  Drone  
  29  2:34  Drone  
  31  2:42  Queen  
  33  2:44  Overlord  
  33  2:59  Drone  
  33  3:00  Drone  
  33  3:05  Hatchery, Drone  
  34  3:06  Drone x2  
  37  3:14  Drone  
  37  3:15  Drone x2  
  37  3:18  Overlord  
  40  3:24  Queen  
  40  3:26  Drone  
  43  3:29  Drone  
  44  3:39  Overlord  
  44  3:41  Drone x3  
  47  3:56  Overlord  
  47  3:57  Overlord  
  47  3:59  Queen  
  47  4:00  Drone x3  
  52  4:19  Drone x6  
  52  4:21  Queen  
  60  4:27  Drone x2  
  60  4:29  Overlord  
  62  4:37  Extractor  
  61  4:39  Drone x2  
  61  4:40  Drone x5  
  61  4:41  Evolution Chamber  
  61  4:44  Evolution Chamber, Overlord  
  66  4:56  Drone x4  
  66  4:59  Lair  
  70  5:01  Extractor  
  69  5:11  Zergling x8  
  73  5:14  Overlord  
  73  5:15  Overlord  
  73  5:16  Drone x3  
  73  5:17  Drone  
  77  5:23  Extractor  
  77  5:26  Hatchery  
  75  5:32  Zerg Melee Weapons Level 1  
  75  5:35  Drone x3  
  76  5:36  Drone x3  
  76  5:42  Overlord x2  
  81  5:48  Drone  
  81  5:49  Drone x4  
  85  6:04  Spire  
  85  6:08  Extractor  
  85  6:09  Extractor  
  82  6:22  Drone x5  
  82  6:23  Drone  
  88  6:26  Hatchery  
  88  6:31  Drone  
  88  6:32  Drone x5  
  93  6:34  Spore Crawler  
  93  6:37  Zerg Ground Armor Level 1  
  93  6:39  Drone x3  
  95  6:41  Baneling Nest  
  95  6:42  Overlord x2  
  95  6:45  Zergling x4  
  95  6:46  Zergling x6  
  99  6:48  Queen  
  101  6:59  Overlord  
  101  7:00  Zergling x6  
  104  7:09  Extractor  
  104  7:10  Drone x3  
  104  7:11  Drone x3, Extractor  
  108  7:17  Overlord  
  108  7:20  Mutalisk x6, Zerg Flyer Weapons Level 1  
  120  7:23  Burrow  
  120  7:29  Spine Crawler  
  119  7:32  Spine Crawler  
  119  7:34  Drone x4  
  122  7:46  Centrifical Hooks  
  122  7:47  Mutalisk x3  
  122  7:49  Zergling x8  
  122  7:50  Zergling x4  
  134  7:53  Queen  
  136  7:58  Spine Crawler  
  136  8:01  Spore Crawler  
  136  8:02  Zergling x10  
  136  8:03  Infestation Pit  
  136  8:04  Zerg Melee Weapons Level 2  
  138  8:13  Mutalisk x2  
  138  8:15  Zergling x10  
  138  8:16  Zergling x2  
  148  8:27  Drone x6  
  148  8:28  Overlord  
  148  8:33  Overlord  
  154  8:38  Overlord x3  
  154  8:40  Zerg Ground Armor Level 2  
  154  8:42  Hive, Mutalisk  
  154  8:46  Overlord  
  156  8:52  Zergling x10  
  156  8:53  Zergling x4  
  163  8:57  Overseer  
  163  8:59  Overseer  
  163  9:02  Corruptor x4  
  169  9:08  Baneling x4  
  169  9:09  Baneling x4  
  171  9:16  Mutalisk  
  172  9:19  Zergling x4  
  172  9:20  Zergling x16  
  163  9:25  Mutalisk x2  
  163  9:27  Mutalisk  
  140  9:47  Drone x5  
  140  9:51  Corruptor x2  
  140  9:52  Corruptor x3  
  155  10:04  Ultralisk Cavern  
  154  10:14  Overlord  
  154  10:17  Overlord  
  154  10:22  Zergling x14  
  154  10:26  Hatchery  
  154  10:27  Overlord  
  160  10:31  Overlord  
  160  10:32  Zerg Melee Weapons Level 3  
  160  10:33  Hatchery  
  159  10:39  Zerg Flyer Weapons Level 2  
  159  10:52  Evolution Chamber  
  159  10:53  Chitinous Plating  
  156  10:58  Evolution Chamber x2  
  156  11:00  Overlord  
  154  11:09  Overlord  
  154  11:18  Zerg Ground Armor Level 3  
  154  11:21  Ultralisk x4  
  154  11:24  Extractor  
  154  11:25  Overlord  
  177  11:28  Pneumatized Carapace, Extractor  
  176  11:36  Drone  
  176  11:37  Drone x5  
  182  11:41  Overseer  
  181  11:48  Spire  
  181  11:52  Extractor  
  181  11:54  Overlord, Extractor  
  178  12:00  Viper x2  
  184  12:05  Viper  
  184  12:08  Overlord  
  187  12:11  Overlord  
  187  12:15  Overseer  
  187  12:16  Overseer  
  187  12:19  Overseer  
  187  12:24  Ultralisk  
  187  12:28  Zergling x8  
  187  12:29  Zergling x6  
  200  12:34  Overlord  
  199  12:40  Overlord  
  199  12:49  Ultralisk x2  
  196  12:54  Overlord  
  196  13:04  Zerg Flyer Weapons Level 3  
  196  13:07  Overlord  
  196  13:19  Overlord  
  196  13:23  Overlord  
  196  13:27  Overlord  
  196  13:32  Spore Crawler x2  
  194  13:35  Zerg Missile Weapons Level 1, Spine Crawler  
  194  13:39  Hydralisk Den  
  194  13:41  Queen  
  192  13:45  Infestor x2  
  198  13:52  Overlord  
  198  13:54  Overlord  
  198  13:55  Overseer x2  
  198  14:11  Overlord  
  198  14:37  Ultralisk x4  
  173  14:47  Infestor x6  
  173  14:51  Viper x3  
  173  14:52  Viper x2  
  176  15:08  Queen x2  
  176  15:13  Corruptor x6  
  176  15:14  Corruptor  
  194  15:22  Infestor x4  
  192  15:32  Corruptor x4  
  192  15:47  Zergling x8  
  192  15:48  Zergling x12  
  198  15:55  Corruptor x2  
  200  16:07  Corruptor x3  
  200  16:17  Overlord  
  199  16:22  Overlord  
  199  16:26  Muscular Augments  
  199  16:36  Overlord  
  199  16:41  Overseer  
  199  16:42  Overseer  
  195  16:48  Overlord  
  195  17:04  Drone x4  
  199  17:11  Overlord  
  198  17:17  Infestor x2  
  200  17:57  Overlord  
  200  18:01  Hatchery  
Tags
 
Add a new tag
Caveats
  • Supply blocks, unpowered buildings, or Contaminate may cause inaccurate times.
  • Supply counts are checked every 10 seconds.